 Dungeon Crawl Stone Soup version 0.28.0 (webtiles) character file.

Game seed: 13634618706055888068

114 HallandMoats the Skirmisher (level 4, -1/40 HPs)
             Began as a Ghoul Monk on Feb 7, 2022.
             Slain by Blork the orc (2 damage)
             ... on level 3 of the Dungeon.
             The game lasted 00:03:23 (2747 turns).

HallandMoats the Skirmisher (Ghoul Monk)            Turns: 2747, Time: 00:03:24

Health: -1/40      AC:  9    Str: 16    XL:     4   Next: 98%
Magic:  3/3        EV:  7    Int:  5    God:
Gold:   73         SH:  0    Dex: 11    Spells: 3/3 levels left

rFire   . . .      SeeInvis .     - Unarmed
rCold   + . .      Faith    .   (no shield)
rNeg    + + +      Spirit   .   h - +0 chain mail
rPois   ∞          Reflect  .   (no helmet)
rElec   .          Harm     .   (no cloak)
rCorr   .          Rampage  .   (no gloves)
Will    .....                   a - +0 pair of boots
Stlth   ..........              (no amulet)
HPRegen 0.00/turn               (no ring)
MPRegen 0.08/turn               (no ring)

@: attractive, inhibited regen
A: claws 1, cold resistance 1, negative energy resistance 3, inhibited
regeneration, torment resistance 2
a: no special abilities


You were on level 3 of the Dungeon.
You visited 1 branch of the dungeon, and saw 4 of its levels.

You collected 73 gold pieces.

Inventory:

Armour
 a - a +0 pair of boots (worn)
 h - a +0 chain mail (worn)
 j - a +0 tower shield
Jewellery
 b - an amulet of faith
 l - a ring of magical power
Wands
 c - a wand of paralysis (5)
Scrolls
 m - a scroll of enchant armour {unknown}
 q - a scroll of enchant weapon {unknown}
 r - a scroll of blinking {unknown}
Potions
 f - a potion of might {unknown}
 g - a potion of attraction
 k - a potion of berserk rage {unknown}
 n - a potion of brilliance {unknown}
 o - a potion of resistance {unknown}
 p - 2 potions of lignification {unknown}


   Skills:
 + Level 4.1 Fighting
 + Level 1.8 Armour
 + Level 3.3 Dodging
 - Level 2.1 Stealth
 + Level 4.1 Unarmed Combat


You had 3 spell levels left.
You didn't know any spells.
Your spell library contained the following spells:

 Spells                   Type           Power      Damage    Failure   Level
 Corpse Rot               Necr/Air       0%         N/A       100%        2
 Poisonous Vapours        Pois/Air       0%         N/A       100%        2


Dungeon Overview and Level Annotations

Branches:
Dungeon (4/15)
 Temple: D:4-7

Altars:

Annotations:
D:3 Blork the orc
D:4 Eustachio


Innate Abilities, Weirdness & Mutations

You thrive by killing the living.
You are immune to poison.
You have sharp fingernails.
Your flesh is cold resistant. (rC+)
You are immune to negative energy. (rN+++)
You do not regenerate when monsters are visible.
You are immune to unholy pain and torment.


Message History

Blork the orc barely misses you. x2
You closely miss Blork the orc.
Blork the orc is moderately wounded.
Blork the orc closely misses you.
Blork the orc hits you with a +3 short sword of speed!
* * * LOW HITPOINT WARNING * * *
You feel much better.
Blork the orc hits you but does no damage.
Blork the orc hits you with a +3 short sword of speed.
You barely miss Blork the orc.
Blork the orc is moderately wounded.
Blork the orc hits you with a +3 short sword of speed.
Blork the orc barely misses you.
You scratch Blork the orc.
Blork the orc is heavily wounded.
Blork the orc points at you and mumbles some strange words.
The puff of flame hits you. Blork the orc completely misses you.
You closely miss Blork the orc.
Blork the orc is heavily wounded.
Blork the orc gestures at you while chanting.
The puff of flame hits you!
* * * LOW HITPOINT WARNING * * *
You claw Blork the orc!
Blork the orc is severely wounded.
Blork the orc miscasts a cantrip.
Blork the orc screams, "I'll eat your brain!
And then I'll vomit it back up!"
Blork the orc hits you with a +3 short sword of speed.
* * * LOW HITPOINT WARNING * * *
You scratch Blork the orc.
Blork the orc is almost dead.
Blork the orc hits you with a +3 short sword of speed.
* * * LOW HITPOINT WARNING * * *
Blork the orc points at you and mumbles some strange words.
The magic dart hits you.
* * * LOW HITPOINT WARNING * * *
It was a potion of attraction.
You feel attractive to monsters.
Blork the orc hits you but does no damage.
Blork the orc hits you with a +3 short sword of speed.
You die...

####..#.........#####.#
###.......#####...#
##..#
....####..##....###
#...# ##### #..##.####
##..## #...#)##.# ##...#
#.....##.###..#.#
###.....##.#....#.#
#.......##.#o...#.#
######...##..##.@......#
.......#.#...###.....###
..######...#.# #.)...#
..######..##.###.....#
..........##.........#
........#......##....#
.######.##..#.##.....#
..............##.....##
###..............#....#


You could see Blork the orc (fast).

Vanquished Creatures
  2 adders
  6 worms
  2 dart slugs (D:2)
  4 orcs
  5 bats
  2 endoplasms
  5 giant cockroaches
  5 goblins
  10 hobgoblins
  11 kobolds
  3 quokkas
  5 ball pythons
  6 frilled lizards
  2 rats
68 creatures vanquished.

Vanquished Creatures (others)
  8 plants (D:2)
8 creatures vanquished.

Grand Total: 76 creatures vanquished

Notes
Turn   | Place    | Note
-------+----------+-------------------------------------------
     0 | D:1      | HallandMoats the Ghoul Monk began the quest for the Orb.
     0 | D:1      | Reached XP level 1. HP: 19/19 MP: 0/0
   263 | D:1      | Reached XP level 2. HP: 15/26 MP: 1/1
   973 | D:2      | Reached XP level 3. HP: 26/31 MP: 2/2
   980 | D:2      | Reached skill level 1 in Armour
  1361 | D:2      | Found a faded altar of an unknown god.
  1572 | D:2      | Reached XP level 4. HP: 36/40 MP: 3/3
  2657 | D:4      | Noticed Blork the orc
  2702 | D:4      | Noticed Eustachio
  2734 | D:4      | HP: 1/40 [Blork the orc (6)]
  2746 | D:3      | HP: 2/40 [Blork the orc (6)]
  2747 | D:3      | Slain by Blork the orc

Illustrated notes

Levels and vault maps discovered:
D:1:      dpeg_arrival_central, layout_rooms, minmay_cupped
D:2:      layout_basic, ebering_ecumenical_altar_hall, lexackson_kobold_supper
D:3:      layout_rooms, chequers_serial_rivers_micro_e, serial_park_tiny_1,
          minmay_misc_feat_ornament
D:4:      layout_gridville, corexii_leaking_fountain, uniq_blork_the_orc,
          uniq_eustachio

Skill      XL: |  1  2  3  4 |
---------------+-------------+-----
Dodging        | 3 |  3.3
Armour         | 1 |  1.8
Fighting       | 4 |  4.1
Unarmed Combat | 4 |  4.1
Stealth        | |  2.1

Action                   |  1- 3 |  4- 6 || total
-------------------------+-------+-------++-------
Melee: Unarmed           |   103 |   100 ||   203
       Punch             |     7 |     3 ||    10
  Use: Scroll            |       |     3 ||     3
       Potion            |       |     3 ||     3
Armor: Robe              |     1 |       ||     1
       Chain mail        |    22 |   100 ||   122
Dodge: Dodged            |    35 |    52 ||    87
